 Dungeon Crawl Stone Soup version 0.29.0-11-gd7f09526c8 (webtiles) character file.

Game seed: 14884481794585718523

56 SensoryNuts the Sneak (level 3, -2/25 HPs)
             Began as an Octopode Brigand on Sept 3, 2022.
             Slain by Sigmund
             ... wielding a +0 scythe
              (13 damage)
             ... on level 3 of the Dungeon.
             The game lasted 00:02:41 (2502 turns).

SensoryNuts the Sneak (Octopode Brigand)            Turns: 2502, Time: 00:02:42

Health: -2/25      AC:  1    Str: 10    XL:     3   Next: 95%
Magic:  3/3        EV: 13    Int: 13    God:
Gold:   1298       SH:  0    Dex: 15    Spells: 2/2 levels left

rFire   . . .      SeeInvis .   i - +1 dagger (speed)
rCold   . . .      Faith    .   (no shield)
rNeg    . . .      Spirit   .   (helmet restricted)
rPois   .          Reflect  .   (no amulet)
rElec   .          Harm     .   (no ring)
rCorr   .          Rampage  .   (no ring)
Will    .....                   (no ring)
Stlth   ++++......              (no ring)
HPRegen 0.08/turn               (no ring)
MPRegen 0.08/turn               (no ring)
                                (no ring)
                                (no ring)

@: no status effects
A: almost no armour, amphibious, 8 rings, camouflage 1, gelatinous body 1,
(nimble swimmer 1), tentacles
a: no special abilities


You were on level 3 of the Dungeon.
You visited 1 branch of the dungeon, and saw 3 of its levels.

You collected 1298 gold pieces.

Inventory:

Hand Weapons
 i - a +1 dagger of speed (weapon)
 o - a +1 short sword of flaming
Missiles
 b - 9 poisoned darts (quivered)
 c - 3 curare-tipped darts
Scrolls
 e - 2 scrolls of teleportation
Potions
 g - 2 potions of curing
 l - a potion of mutation
 m - 2 potions of might {unknown}


   Skills:
 + Level 2.4 Fighting
 * Level 2.3 Short Blades
 + Level 2.0 Throwing
 + Level 1.5 Dodging
 + Level 6.5 Stealth


You had 2 spell levels left.
You didn't know any spells.
Your spell library was empty.

Dungeon Overview and Level Annotations

Branches:
Dungeon (3/15)

Altars:

Annotations:
D:3 Sigmund


Innate Abilities, Weirdness & Mutations

You cannot wear most types of armour.
You are amphibious.
You can wear up to eight rings at the same time.
Your skin changes colour to match your surroundings (Stealth+).
Your rubbery body absorbs attacks. (AC +1, EV +1)
((You are camouflaged when in or above water. (Stealth+)))
You have tentacles for arms and can constrict up to eight enemies at once.


Message History

You aren't carrying any armour which can be enchanted further.
There is a stone staircase leading down here.
You climb downwards.
There is a stone staircase leading up here.
A worm comes into view.
A worm is nearby!
A worm is nearby!
Sigmund the Dreaded comes into view.
He is wielding a +0 scythe.
The helpless worm fails to defend itself.
You impale the worm!!
You kill the worm!
You feel your willpower return. Sigmund gestures at you while chanting.
You are confused.
You are too confused!
Found 11 gold pieces.
Sigmund closely misses you. Sigmund hits you but does no damage.
You bump into the rock wall.
You miss Sigmund. Sigmund closely misses you.
You bump into the rock wall.
You completely miss Sigmund. Sigmund hits you with a +0 scythe!
You feel less confused. Sigmund closely misses you.
You hit Sigmund. Your grab misses Sigmund. You tentacle-slap Sigmund.
Your squeeze misses Sigmund.
Sigmund is moderately wounded.
You barely miss Sigmund. You grab Sigmund.
Sigmund is moderately wounded.
You constrict Sigmund, but do no damage.
Sigmund hits you with a +0 scythe!
You hit Sigmund. You squeeze Sigmund.
Sigmund is heavily wounded.
You constrict Sigmund, but do no damage.
You hit Sigmund.
Sigmund is heavily wounded.
You constrict Sigmund.
Sigmund says, "Look into my eyes."
Sigmund hits you with a +0 scythe!
Ouch! That really hurt!
You die...

#.....##.# #..#
#....<##.####..##
###.............#
######.#..#...#
#####.#..#...#
#............#
#.####.......#
.........#.########
..##.......@.......
#...###.@#.##.#.
......# #......
......# .......$.
..###.##.#.......#.
.. #. #.#..#..#.# .
......... ##
#####.#.


You could see Sigmund.

Vanquished Creatures
  3 adders (D:2)
  2 worms
  An endoplasm (D:1)
  3 jackals (D:2)
  A quokka (D:1)
  2 ball pythons
  A bat (D:1)
  2 frilled lizards
  7 kobolds
  3 rats
25 creatures vanquished.

Notes
Turn   | Place    | Note
-------+----------+-------------------------------------------
     0 | D:1      | SensoryNuts the Octopode Brigand began the quest for the
                  | Orb.
     0 | D:1      | Reached XP level 1. HP: 14/14 MP: 1/1
   451 | D:1      | Reached XP level 2. HP: 9/19 MP: 2/2
  1064 | D:2      | Found a faded altar of an unknown god.
  1555 | D:2      | Reached skill level 6 in Stealth
  1555 | D:2      | Reached XP level 3. HP: 20/24 MP: 3/3
  2455 | D:2      | Identified a scroll of acquirement
  2455 | D:2      | Acquired 1180 gold pieces
  2486 | D:3      | Noticed Sigmund
  2502 | D:3      | Slain by Sigmund

Illustrated notes

Levels and vault maps discovered:
D:1:      heliophobic_arrival_henge, layout_basic, minmay_tromino_i2
D:2:      layout_loops_corners, chequers_ecumenical_altar_island
D:3:      layout_loops_cross, slow_altar_2, uniq_sigmund

Skill      XL: |  1  2 |
---------------+-------+-----
Stealth        | 6 |  6.5
Fighting       | |  2.4
Short Blades   | |  2.3
Throwing       | |  2.0
Dodging        | |  1.5

Action                   || total
-------------------------++-------
Melee: Dagger            ||    62
       Constrict         ||    11
       Tentacles         ||     9
       Punch             ||     1
  Use: Scroll            ||     7
       Potion            ||     1
 Stab: Sleeping          ||    11
       Distracted        ||     1
Armor: Skin              ||     2
Dodge: Dodged            ||    43
